 Dungeon Crawl Stone Soup version 0.29-a0-615-gdeedd76f10 (webtiles) character file.

Game seed: 278739676973070384

42 Nedwor the Cudgeller (level 3, -2/36 HPs)
             Began as a Troll Berserker on June 17, 2022.
             Was a Believer of Trog.
             Slain by a goblin
             ... wielding a +0 club
             ... led by Robin
              (3 damage)
             ... on level 2 of the Dungeon.
             The game lasted 00:00:54 (773 turns).

Nedwor the Cudgeller (Troll Berserker)               Turns: 773, Time: 00:00:56

Health: -2/36      AC:  4    Str: 27    XL:     3   Next: 33%
Magic:  2/2        EV: 10    Int:  3    God:    Trog [**....]
Gold:   76         SH:  0    Dex:  9    Spells: 2/2 levels left

rFire   . . .      SeeInvis .   a - +0 mace
rCold   . . .      Faith    .   (no shield)
rNeg    . . .      Spirit   .   b - +0 animal skin
rPois   .          Reflect  .   (helmet restricted)
rElec   .          Harm     .   (no cloak)
rCorr   .          Rampage  .   (gloves unavailable)
Will    .....                   (boots unavailable)
Stlth   +.........              (no amulet)
HPRegen 0.92/turn               (no ring)
MPRegen 0.08/turn               (no ring)

@: on berserk cooldown, slowed, very slow
A: large, unfitting armour, claws 3, regeneration 1, shaggy fur 1, tough skin 1
a: Renounce Religion, Berserk, Trog's Hand


You were on level 2 of the Dungeon.
You worshipped Trog.
Trog was pleased with you.
You visited 1 branch of the dungeon, and saw 2 of its levels.

You collected 76 gold pieces.

Inventory:

Hand Weapons
 a - a +0 mace (weapon)
Armour
 b - a +0 animal skin (worn)
Jewellery
 f - a ring of protection from cold
Scrolls
 c - 2 scrolls of identify {unknown}
 e - a scroll of poison {unknown}
Potions
 d - a potion of brilliance {unknown}
 g - a potion of curing {unknown}


   Skills:
 + Level 2.7 Fighting
 * Level 3.3 Maces & Flails
 + Level 0.8 Armour
 + Level 2.7 Dodging


You had 2 spell levels left.
You didn't know any spells.
Your spell library was empty.

Dungeon Overview and Level Annotations

Branches:
Dungeon (2/15)

Altars:


Innate Abilities, Weirdness & Mutations

You are too large for most types of armour.
You have claws for hands.
Your natural rate of healing is unusually fast.
You are covered in fur. (AC +1)
You have tough skin. (AC +1)


Message History

* * * LOW HITPOINT WARNING * * *
Robin roars a battlecry!
The goblin goes into a battle-frenzy!
You barely miss the goblin.
The hobgoblin no longer looks unusually strong.
The goblin hits you with a +0 club.
* * * LOW HITPOINT WARNING * * *
The goblin hits you with a +0 club.
* * * LOW HITPOINT WARNING * * *
You barely miss the goblin. You claw the goblin.
You kill the goblin!
Trog accepts your kill.
The goblin no longer looks unusually strong.
Robin hits you with a +0 mace.
* * * LOW HITPOINT WARNING * * *
Items here: ))))))) †.
You hit Robin.
Robin is moderately wounded.
The goblin barely misses you. Robin closely misses you.
You barely miss Robin.
Robin is moderately wounded.
The goblin closely misses you. Robin misses you.
You barely miss Robin.
Robin is moderately wounded.
The goblin hits you with a +0 club.
* * * LOW HITPOINT WARNING * * *
Robin roars a battlecry!
The goblins go into a battle-frenzy!
You sock Robin!
Robin is severely wounded.
You are no longer berserk.
You are exhausted.
You feel yourself slow down.
You hit Robin.
You kill Robin!
Trog accepts your kill. The goblin hits you with a +0 club.
* * * LOW HITPOINT WARNING * * *
The goblin hits you with a +0 club.
You die...

.# #.# #.# # #.#
#. #.#
#..#######.#
#.gg@g)....#
##.######..#######
..................
##
#######.########
#.# #.# #.########
#.<.......
##########


You could see 2 hobgoblins and a goblin (strong).

Vanquished Creatures
  Robin (D:2)
  A dart slug (D:1)
  A ball python (D:1)
  3 endoplasms (D:1)
  A giant cockroach (D:1)
  8 goblins (D:2)
  5 hobgoblins
  3 quokkas (D:1)
  2 bats (D:1)
  4 kobolds (D:1)
  5 rats (D:1)
34 creatures vanquished.

Notes
Turn   | Place    | Note
-------+----------+-------------------------------------------
     0 | D:1      | Nedwor the Troll Berserker began the quest for the Orb.
     0 | D:1      | Reached XP level 1. HP: 22/22 MP: 0/0
   188 | D:1      | Reached XP level 2. HP: 26/29 MP: 1/1
   203 | D:1      | Reached skill level 3 in Maces & Flails
   673 | D:1      | Reached ** piety under Trog
   680 | D:1      | Reached XP level 3. HP: 36/36 MP: 2/2
   745 | D:2      | Identified the +0 helmet of Generosity {Int-2 Dex+4 Slay+2}
   745 | D:2      | Noticed Robin
   773 | D:2      | Killed Robin
   773 | D:2      | HP: 1/36 [goblin/+0 club[Robin] (6)]
   773 | D:2      | Slain by a goblin

Illustrated notes

Levels and vault maps discovered:
D:1:      minmay_arrival_jagged, layout_loops_ring
D:2:      layout_loops_ring, hellmonk_ecumenical_altar_watching_god,
          basic_altar, uniq_natasha, uniq_robin

Skill      XL: |  1  2 |
---------------+-------+-----
Maces & Flails | 3 |  3.3
Fighting       | |  2.7
Armour         | |  0.8
Dodging        | |  2.7

Action                   || total
-------------------------++-------
Melee: Mace              ||   100
       Punch             ||     1
Invok: Berserk           ||     1
Armor: Animal skin       ||    32
Dodge: Dodged            ||    64

Table legend: (Time is in decaauts)
 A = Elapsed time spent in this place.
 B = Non-inter-level travel time spent in this place.
 C = Inter-level travel time spent in this place.
 D = Time resting spent in this place.
 E = Time spent auto-exploring this place.
 F = Levels seen in this place.
 G = Mean time per level.
                   A        B        C        D        E       F      G
               +--------+--------+--------+--------+--------+-----+--------+
         Total |    791 |    759 |     32 |      0 |    552 |   2 |  395.5 |
       Dungeon |    791 |    759 |     32 |      0 |    552 |   2 |  395.5 |
               +--------+--------+--------+--------+--------+-----+--------+

Top non-repeatable levels by time:
     D:1: 738 daAuts
     D:2: 53 daAuts
